Map: Blackpink LE

Players

soO

  • Race: Zerg Zerg
  • Spawn Location: 1:00

Harstem - Winner!

  • Race: Protoss Protoss
  • Spawn Location: 7:00

Event: IEM Season 12 - Katowice

VOD

Have the link to the VOD?

Description

Time

  • Played on: Feb. 27, 2018, 9:34 a.m.
  • Length: 8:46

All games in this series

Show
View Real Time Build Order
Export as new Build Order

soO Zerg 

Build Orders: Hatch First 

Get SALT Encoding   

  12  0:00  Drone  
  13  0:12  Overlord  
  13  0:17  Drone  
  14  0:30  Drone x2  
  14  0:34  Drone  
  17  0:50  Hatchery  
  17  0:54  Drone  
  17  0:57  Drone  
  18  1:08  Extractor  
  17  1:11  Spawning Pool  
  17  1:15  Drone  
  18  1:18  Drone  
  18  1:27  Drone  
  19  1:38  Drone  
  20  1:49  Overlord  
  20  1:58  Queen  
  22  2:02  Queen  
  22  2:03  Zergling x2  
  22  2:04  Drone  
  22  2:07  Metabolic Boost  
  26  2:11  Drone  
  26  2:13  Drone  
  28  2:22  Drone  
  29  2:35  Drone  
  30  2:37  Zergling x2  
  30  2:38  Zergling x2  
  30  2:42  Hatchery  
  30  2:43  Zergling x2  
  32  2:47  Overlord  
  32  2:55  Zergling x2  
  33  2:59  Evolution Chamber  
  33  3:03  Zergling x2  
  33  3:09  Zergling x10  
  33  3:12  Zergling x6  
  41  3:24  Overlord  
  40  3:31  Zergling x4  
  40  3:32  Overlord  
  42  3:44  Zergling x8  
  42  3:45  Zergling x6  
  49  3:49  Overlord  
  49  4:02  Zergling x2  
  50  4:09  Zergling x10  
  49  4:18  Zergling x4  
  49  4:19  Zergling x6  
  51  4:29  Drone x5  
  54  4:31  Drone  
  54  4:36  Zergling x2  
  51  4:39  Zergling x2  
  51  4:41  Queen  
  51  4:44  Zergling x2  
  51  4:45  Zergling x2  
  53  4:50  Zergling x2  
  53  4:51  Zergling x2  
  53  4:52  Baneling Nest  
  52  4:57  Zergling x6  
  53  5:00  Drone x2  
  53  5:04  Drone  
  52  5:10  Drone x2  
  52  5:14  Zerg Melee Weapons Level 1  
  54  5:16  Drone  
  54  5:18  Drone x2  
  54  5:19  Drone  
  58  5:23  Overlord  
  57  5:30  Overlord  
  57  5:34  Overlord  
  57  5:35  Overlord x2  
  57  5:37  Baneling x2  
  57  5:39  Zergling x2  
  57  5:40  Baneling  
  58  5:43  Zergling x4  
  58  5:45  Zergling x4  
  58  5:48  Drone  
  63  5:51  Baneling, Zergling x2  
  63  5:54  Zergling x4  
  63  5:55  Zergling x2  
  68  5:57  Zergling x4  
  68  5:59  Baneling  
  69  6:04  Overlord  
  66  6:17  Drone x5  
  66  6:18  Drone x4  
  71  6:20  Baneling x2  
  71  6:23  Drone  
  72  6:26  Drone x2  
  72  6:27  Drone  
  72  6:29  Drone x3  
  78  6:33  Extractor  
  78  6:35  Overlord, Extractor  
  75  6:42  Drone x3  
  75  6:43  Drone x2  
  75  6:46  Extractor  
  79  6:51  Zergling x4  
  81  6:54  Lair  
  81  6:57  Zergling x2  
  81  6:58  Zergling x4, Hatchery  
  81  7:00  Drone x2  
  85  7:05  Drone x4  
  85  7:08  Extractor  
  88  7:14  Drone  
  89  7:15  Queen  
  91  7:23  Drone  
  91  7:24  Zergling x4  
  91  7:25  Overlord, Hatchery  
  91  7:28  Drone x2  
  95  7:37  Zergling x2  
  95  7:38  Overlord, Zergling x4  
  95  7:40  Overlord  
  95  7:43  Baneling x2  
  95  7:44  Baneling x5  
  97  7:46  Zergling x12  
  103  7:51  Zergling x2  
  103  7:54  Drone  
  103  7:55  Drone, Hydralisk Den  
  103  7:56  Overlord x2  
  105  8:02  Baneling x6  
  105  8:03  Zergling x8  
  105  8:04  Zergling x2  
  110  8:10  Zergling x6  
  103  8:13  Zergling x6  
  103  8:16  Baneling x5  
  103  8:18  Zergling x2  
  105  8:20  Baneling x6  
  105  8:25  Zergling x2  
  105  8:26  Zergling x6  
  96  8:28  Zergling x6  
Show
View Real Time Build Order
Export as new Build Order

Harstem Protoss - Winner!

Build Orders: 1 Gate Expand, Phoenix Opening 

Get SALT Encoding   

  12  0:00  Probe  
  13  0:13  Probe  
  14  0:18  Pylon  
  14  0:26  Probe (Chrono Boost)  
  15  0:38  Probe (Chrono Boost)  
  15  0:39  Gateway  
  16  0:46  Probe (Chrono Boost)  
  16  0:48  Assimilator  
  17  0:52  Probe  
  18  1:04  Probe  
  19  1:16  Probe  
  20  1:24  Nexus  
  20  1:32  Cybernetics Core  
  20  1:35  Probe  
  21  1:41  Assimilator  
  21  1:47  Probe  
  21  1:50  Pylon  
  22  1:59  Probe  
  23  2:07  Adept (Chrono Boost), Probe  
  23  2:09  Warp Gate  
  23  2:15  Probe  
  27  2:25  Stargate  
  27  2:27  Probe (Chrono Boost)  
  27  2:28  Adept  
  30  2:36  Probe (Chrono Boost)  
  33  2:44  Probe (Chrono Boost)  
  33  2:45  Probe (Chrono Boost)  
  33  2:50  Probe x2 (Chrono Boost)  
  35  3:02  Probe x2  
  35  3:05  Gateway  
  37  3:09  Phoenix (Chrono Boost)  
  39  3:14  Probe  
  39  3:17  Probe, Gateway  
  41  3:26  Probe  
  42  3:30  Twilight Council  
  42  3:31  Adept  
  42  3:33  Pylon  
  44  3:35  Probe  
  44  3:38  Probe  
  46  3:48  Pylon  
  46  3:51  Probe  
  46  3:52  Probe  
  46  3:53  Assimilator  
  48  3:55  Assimilator  
  46  4:03  Probe  
  46  4:04  Probe  
  46  4:09  Resonating Glaives (Chrono Boost)  
  47  4:11  Pylon  
  47  4:13  Adept x3  
  53  4:20  Pylon  
  53  4:24  Shield Battery  
  53  4:26  Pylon  
  52  4:32  Cybernetics Core  
  52  4:36  Pylon  
  52  4:37  Zealot  
  54  4:39  Zealot  
  56  4:47  Pylon  
  56  4:51  Zealot  
  55  4:56  Probe x2  
  56  5:06  Gateway  
  56  5:08  Probe  
  56  5:11  Adept  
  56  5:13  Adept  
  59  5:15  Probe  
  60  5:23  Probe  
  60  5:27  Probe  
  62  5:32  Adept  
  62  5:34  Robotics Facility  
  65  5:38  Probe (Chrono Boost)  
  65  5:39  Adept, Probe (Chrono Boost)  
  68  5:43  Pylon  
  70  5:50  Probe (Chrono Boost)  
  70  5:52  Probe (Chrono Boost)  
  71  5:59  Probe  
  71  6:02  Nexus  
  71  6:04  Sentry  
  71  6:05  Pylon  
  71  6:15  Probe  
  69  6:18  Gateway  
  69  6:22  Sentry  
  69  6:23  Sentry  
  73  6:25  Immortal (Chrono Boost)  
  73  6:28  Pylon  
  76  6:34  Gateway  
  76  6:42  Sentry  
  76  6:46  Sentry x2  
  82  6:48  Gateway  
  82  6:52  Probe  
  83  6:54  Gateway  
  83  6:58  Warp Prism (Chrono Boost)  
  85  7:12  Sentry x3  
  85  7:13  Probe  
  85  7:15  Probe  
  93  7:20  Probe, Shield Battery  
  93  7:22  Pylon  
  94  7:25  Probe, Pylon  
  95  7:30  Adept  
  95  7:34  Sentry  
  95  7:37  Adept x3  
  103  7:43  Observer  
  105  7:51  Adept x3  
  112  7:59  Adept x3  
  112  8:00  Adept  
  120  8:13  Adept x3  
  120  8:17  Sentry  
  128  8:20  Adept x3  
  134  8:31  Stalker  
  134  8:33  Stalker x2  
  140  8:40  Stalker  
  140  8:41  Stalker  

Tags
 
Add a new tag
Caveats
  • Supply blocks, unpowered buildings, or Contaminate may cause inaccurate times.
  • Supply counts are checked every 10 seconds.